 Dungeon Crawl Stone Soup version 0.31-a0-208-gdb31a4691d (webtiles) character file.

Game seed: 15656437414101037107

117 ketsa the Magician (level 4, -11/26 HPs)
             Began as a Deep Elf Air Elementalist on June 28, 2023.
             Mangled by an ogre
             ... wielding a +0 giant club
              (13 damage)
             ... on level 4 of the Dungeon.
             The game lasted 00:10:53 (2809 turns).

ketsa the Magician (Deep Elf Air Elementalist)      Turns: 2809, Time: 00:10:54

Health: -11/26     AC:  3    Str:  5    XL:     4   Next: 71%
Magic:  12/12      EV: 12    Int: 22    God:
Gold:   166        SH:  0    Dex: 15    Spells: 5/11 levels left

rFire   . . .        A - +0 dagger (vamp)
rCold   . . .        (no shield)
rNeg    + . .        y - +1 robe {rN+}
rPois   .            (no helmet)
rElec   .            (no cloak)
rCorr   .            (no gloves)
SInv    .            (no boots)
Will    .....        n - amulet of magic regeneration
Stlth   ++           p - ring of flight
HPRegen 0.24/turn    (no ring)
MPRegen 0.53/turn

%: no passive effects
@: lethally poisoned (-11 -> -20), flying
A: no striking features
a: no special abilities


You were on level 4 of the Dungeon.
You visited 1 branch of the dungeon, and saw 4 of its levels.

You collected 166 gold pieces.

Inventory:

Hand Weapons
 A - a +0 vampiric dagger (weapon)
Missiles
 h - 6 atropa-tipped darts
 o - 3 poisoned darts
Armour
 i - a +0 buckler
 y - a +1 robe of positive energy (worn)
Jewellery
 e - an amulet of faith
 n - an amulet of magic regeneration (around neck)
 p - a ring of flight (left hand)
Wands
 u - a wand of iceblast (7)
Scrolls
 a - a scroll of poison {unknown}
 j - 3 scrolls of identify
 k - a scroll of butterflies {unknown}
 l - a scroll of noise {unknown}
 r - a scroll of brand weapon {unknown}
 s - a scroll of revelation {unknown}
 t - a scroll of silence {unknown}
 v - a scroll of vulnerability {unknown}
Potions
 b - 2 potions of magic
 c - a potion of might {unknown}
 d - a potion of resistance {unknown}
 f - 4 potions of degeneration
 m - a potion of enlightenment {unknown}
 q - a potion of mutation {unknown}
 z - a potion of curing {unknown}


   Skills:
 + Level 2.0 Fighting
 - Level 2.4 Dodging
 - Level 2.4 Stealth
 + Level 4.0 Spellcasting
 + Level 2.4 Conjurations
 + Level 3.6 Air Magic


You had 5 spell levels left.
You knew the following spells:

 Your Spells              Type           Power      Damage    Failure   Level
a - Shock                 Conj/Air       68%        1d7       3%          1
b - Static Discharge      Conj/Air       34%        2-4/arc   4%          2
c - Swiftness             Air            20%        N/A       8%          3

Your spell library contained the following spells:

 Spells                   Type           Power      Damage    Failure   Level
 Airstrike                Air            10%        2d(2-18)  24%         4


Dungeon Overview and Level Annotations

Branches:
Dungeon (4/15)
 Temple: D:4-7

Altars:
Dithmenos

Portals:
Abyss: D:4

Annotations:
D:4 2 transporters, Stil's ghost, amateur DsAE


Message History

You start resting.
Magic restored.
Things that are here:
a +0 short sword; a goblin corpse A goblin comes into view.
It is wielding a +0 dagger.
The goblin shouts!
The goblin moves out of view.
The iron imp shouts, "Give up, thou feeble shard-borne scut!"
Stil's ghost turns its malevolent gaze towards you.
Found 11 gold pieces.
The scorpion stings you.
You are poisoned.
The scorpion poisons you! The scorpion attacks as you move away!
The scorpion stings you.
You feel very sick.
The crimson imp shouts!
The scorpion attacks as you move away! The scorpion stings you.
You feel very sick. The scorpion stings you.
As you read the scroll labelled XUAKHE TOMILLE, it crumbles to dust.
It is a scroll of identify.
f - 4 potions of degeneration You feel sick.
The scorpion stings you but does no damage.
As you read the scroll labelled VUBBOO SANI, it crumbles to dust.
It is a scroll of amnesia.
Really abort (and waste the scroll)? [Y]es or [N]o only, please.
Really abort (and waste the scroll)?
Okay, then.
You feel sick. The scorpion stings you.
* * * LOW HITPOINT WARNING * * *
You are lethally poisoned!
The scorpion poisons you!
It was a potion of cancellation.
You feel magically purged.
* * * LOW HITPOINT WARNING * * *
You feel very sick.
The scorpion stings you but does no damage.
The ogre hits you with a +0 giant club!
Ouch! That really hurt!
You die...

#..........# #.#
#.######..## #(#
♣#######.# #..# #.###
♣........# #..# #...#
♣#######.# #..# ###.#
#.# #..### #.#
#)######....#########.#
#.#....O...............
#.#...@s.g.............
#.....###.......####...
##...##5###...###$.#...
##..#.∩# #..## ..##...
#..##.. #### .#W#....
###### #...##. ...
...##... ..<..#
#....##....## .#.##..
####.# #....©#..#..
#.5#©.
#.########...###.#.##
:..##..


You could see an ogre, a scorpion, a crimson imp and a goblin.

Vanquished Creatures
  3 gnolls (D:3)
  4 adders
  A worm (D:4)
  8 ball pythons
  3 endoplasms
  A giant cockroach (D:1)
  11 goblins
  4 hobgoblins
  2 quokkas
  3 bats
  4 frilled lizards
  4 kobolds
  3 rats
51 creatures vanquished.

Notes
Turn   | Place    | Note
-------+----------+-------------------------------------------
     0 | D:1      | ketsa the Deep Elf Air Elementalist began the quest for the
                  | Orb.
     0 | D:1      | Reached XP level 1. HP: 10/10 MP: 6/6
   444 | D:1      | Reached XP level 2. HP: 16/16 MP: 5/8
   449 | D:1      | Learned a level 2 spell: Static Discharge
   976 | D:1      | You fall into a shaft and drop 1 floor!
   987 | D:2      | Reached skill level 1 in Fighting
  1106 | D:2      | Found a shadowy altar of Dithmenos.
  1133 | D:2      | Reached XP level 3. HP: 17/20 MP: 7/9
  1722 | D:3      | Reached XP level 4. HP: 26/26 MP: 9/11
  1726 | D:3      | Learned a level 3 spell: Swiftness
  1955 | D:3      | Found a faded altar of an unknown god.
  2021 | D:3      | Noticed a black bear
  2506 | D:4      | Reached skill level 4 in Spellcasting
  2555 | D:4      | Found a one-way gate to the infinite horrors of the Abyss.
  2555 | D:4      | Noticed Stil's ghost (amateur DsAE)
  2555 | D:4      | Noticed a scorpion
  2680 | D:4      | Found a transporter.
  2684 | D:4      | Found a transporter.
  2684 | D:4      | Noticed an ancient zyme
  2731 | D:4      | Noticed an ogre
  2809 | D:4      | Mangled by an ogre

Illustrated notes

Levels and vault maps discovered:
D:1:      amcnicky_arrival_abandoned_market, layout_loops_corners,
          minmay_hedge_maze, minmay_misc_feat_columns
D:2:      layout_basic, basic_altar, minmay_hexomino_p4
D:3:      layout_loops_ring, shapermc_ecumenical_altar_venn,
          chequers_serial_rivers_micro_a, dk_vineyard_3,
          chequers_serial_rivers_large_a
D:4:      layout_loops_ring, serial_shops, shop, gammafunk_ghost_abyssal_escape,
          serial_forest, infiniplex_forest_end_2, infiniplex_forest_join,
          infiniplex_forest_lined_4_way, infiniplex_forest_clump_small,
          infiniplex_forest_clump_small, infiniplex_forest_lined_2,
          infiniplex_forest_end_2, minmay_ogre_servants, uniq_sigmund,
          uniq_edmund

Skill      XL: |  1  2  3  4 |
---------------+-------------+-----
Fighting       | 1 2 |  2.0
Conjurations   | 2 |  2.4
Spellcasting   | 4 |  4.0
Dodging        | |  2.4
Stealth        | |  2.4
Air Magic      | |  3.6

Action                     |  1- 3 |  4- 6 || total
---------------------------+-------+-------++-------
   Cast: Shock             |    75 |    40 ||   115
    Use: Scroll            |       |     2 ||     2
         Potion            |       |     1 ||     1
 Armour: Robe              |     7 |     4 ||    11
  Dodge: Dodged            |     6 |     3 ||     9

Table legend: (Time is in decaauts)
 A = Elapsed time spent in this place.
 B = Non-inter-level travel time spent in this place.
 C = Inter-level travel time spent in this place.
 D = Time resting spent in this place.
 E = Time spent auto-exploring this place.
 F = Levels seen in this place.
 G = Mean time per level.
                   A        B        C        D        E       F      G
               +--------+--------+--------+--------+--------+-----+--------+
         Total |   2809 |   2723 |     86 |    316 |   1487 |   4 |  702.2 |
       Dungeon |   2809 |   2723 |     86 |    316 |   1487 |   4 |  702.2 |
               +--------+--------+--------+--------+--------+-----+--------+

Top non-repeatable levels by time:
     D:1: 1109 daAuts
     D:3: 861 daAuts
     D:2: 533 daAuts
     D:4: 305 daAuts
